 Dungeon Crawl Stone Soup version 0.17-a0-1719-g1afd5a1 (webtiles) character file.

47496 shakdrar the Grappler (level 14, -7/141 HPs)
             Began as a Troll Monk on Aug 27, 2015.
             Was the Champion of Okawaru.
             Mangled by a polar bear (10 damage)
             ... on level 8 of the Lair of Beasts.
             The game lasted 02:02:06 (20431 turns).

shakdrar the Grappler (Troll Monk)                 Turns: 20431, Time: 02:02:07

Health: -7/141     AC: 11    Str: 24      XL:     14   Next: 8%
Magic:  28/28      EV: 15    Int:  5 (9)  God:    Okawaru [******]
Gold:   1316       SH:  0    Dex: 16      Spells: 0 memorised, 13 levels left

rFire  + + .     SeeInvis .       - Unarmed
rCold  + . .     Rnd*Rage +     z - +1 robe of the Castellan {*Contam rF++ rC+ MP+9}
rNeg   . . .     SustAt   .     (no shield)
rPois  +         Gourm    +     V - +2 hat {MR+}
rElec  .         Spirit   .     G - +1 cloak
rCorr  .         Warding  .     (gloves unavailable)
rMut   .         Stasis   .     (boots unavailable)
MR     +++..                    P - necklace of Bloodlust {*Rage +Rage MR+ Str+2 Int-2 Slay+3 *Curse}
Stlth  +++.......               b - ring of poison resistance
                                q - ring of stealth

@: brilliant, exhausted, about to teleport, very slightly contaminated, hasted
and slowed, lost intelligence, extremely resistant to hostile enchantments,
fairly stealthy
A: unfitting armour, claws 3, molten scales 1, fast metabolism 3, gourmand,
regeneration 2, shaggy fur 1, spit poison 1, tough skin 2
a: Spit Poison, Heroism, Finesse, Renounce Religion, Evoke Berserk Rage


You were on level 8 of the Lair of Beasts.
You worshipped Okawaru.
Okawaru was exalted by your worship.
You were very full.

You visited 3 branches of the dungeon, and saw 19 of its levels.
You also visited: Sewer.

You collected 1599 gold pieces.
You spent 283 gold pieces at shops.

Inventory:

Hand weapons
 m - a +0 blowgun
 T - a +2 blowgun
Missiles
 c - 8 curare-tipped needles
 n - 96 poisoned needles
 A - 16 tomahawks of returning (quivered)
 H - 5 needles of slowing
 R - 5 needles of sleeping
Armour
 z - the +1 robe of the Castellan (worn) {*Contam rF++ rC+ MP+9}
   (You found it on level 8 of the Lair of Beasts)

   It greatly protects you from fire.
   It protects you from cold.
   It affects your magic capacity (+9).
   It causes magical contamination when unequipped.
 G - a +1 cloak (worn)
 V - a +2 hat of magic resistance (worn)
Jewellery
 b - a ring of poison resistance (right claw)
 j - an uncursed amulet of regeneration {unknown}
 q - a ring of stealth (left claw)
 B - an uncursed amulet of guardian spirit
 P - the necklace of Bloodlust (around neck) {*Rage +Rage MR+ Str+2 Int-2 Slay+3 *Curse}
   (You found it on level 1 of the Lair of Beasts)

   [amulet of rage]

   It affects your strength (+2).
   It affects your intelligence (-2).
   It affects your accuracy and damage with ranged weapons and melee attacks
   (+3).
   It affects your resistance to hostile enchantments.
   It lets you go berserk.
   It may make you go berserk in combat.
   It may re-curse itself when equipped.
 W - an uncursed ring of positive energy
 Y - an uncursed amulet of resist corrosion {unknown}
Magical devices
 y - a wand of fireball (0)
 L - a wand of invisibility (7)
 M - a wand of digging (5)
 Q - a wand of teleportation (0)
 S - a wand of paralysis (10)
 Z - a wand of polymorph (0)
Scrolls
 d - 3 scrolls of magic mapping
 g - 3 scrolls of teleportation
 k - a scroll of silence
 l - 5 scrolls of remove curse
 p - a scroll of fear {unknown}
 J - 3 scrolls of identify
Potions
 a - a potion of berserk rage
 u - 2 potions of might
 w - 4 potions of curing
 x - 2 potions of flight
 E - 2 potions of invisibility
 F - a potion of resistance
 K - a potion of agility
Comestibles
 f - 5 beef jerkies
 o - a bread ration
 I - 5 meat rations


   Skills:
 + Level 9.8 Fighting
 - Level 6.0 Throwing
 - Level 8.0 Dodging
 - Level 1.1 Stealth
 - Level 14.8 Unarmed Combat
 - Level 6.0 Invocations
 - Level 8.0 Evocations


You had 13 spell levels left.
You didn't know any spells.

Dungeon Overview and Level Annotations

Branches:
Dungeon (10/15)            Temple (1/1) D:4            Lair (8/8) D:10
  Swamp (0/4) Lair:3        Snake (0/4) Lair:6        Slime (0/6) Lair:8
    Orc: D:9-12

Altars:
Ashenzari
Cheibriados
Dithmenos
Elyvilon
Fedhas
Gozag
Kikubaaqudgha
Makhleb
Nemelex Xobeh
Okawaru
Qazlal
Ru
Sif Muna
Trog
Vehumet
Xom
Yredelemnul
Zin
The Shining One

Shops:
D:4 *   D:5 ?   D:6 *

Annotations:
D:6 Blork the orc
Lair:3 exclusion: oklob plant


Innate Abilities, Weirdness & Mutations

You are too large for most types of armour.
You have claws for hands.
Your metabolism is lightning-fast.
You like to eat raw meat.
You heal very quickly.
You are covered in fur (AC +1).
You have very tough skin (AC +2).
You are partially covered in molten scales (AC +1).
You can spit weak poison.


Message History

You feel yourself speed up.
The polar bear bites you but does no damage.
The polar bear closely misses you. The polar bear misses you.
You are very lightly contaminated with residual magic.
Drink which item? (? for menu, Esc to quit)
You feel clever all of a sudden. The polar bear bites you.
* * * LOW HITPOINT WARNING * * *
The polar bear misses you. The polar bear completely misses you.
Evoke which item? (* to show all) (? for menu, Esc to quit)
Okay, then.
Read which item? (? for menu, Esc to quit)
As you read the scroll of teleportation, it crumbles to dust.
You feel strangely unstable. The polar bear bites you.
* * * LOW HITPOINT WARNING * * *
The polar bear misses you.
The polar bear claws you but does no damage.
A polar bear comes into view.
The polar bear bites you!
You die...

... # .. # # .#.## # #.#h## #
# ##h...## ## .## # ##......#
###.#...#. # #......#
##......... #
#.....#######.......... #
##.h..hh.hh@....#.#.... #
#[#..†.#####..##.#.# # #
##..##.h.###..####### ##
#...##...†#....#...#.#### #.
###.......†#........#...####.
...###...P#.#............#P.
.. #....#P##.#.#.#.....#P.. h
##..############...#P... ##.#
####...P.


You could see a polar bear, a raiju, a wolf and a hound.

Vanquished Creatures
  Gastronok (Lair:3)
  A fire dragon (Lair:8)
  A catoblepas (Lair:4)
  2 hydras
  An alligator (Lair:7)
  A queen ant (Lair:1)
  Sonja (Lair:3)
  A fire crab (Lair:8)
  A hill giant (D:10)
  2 lindwurms
  A griffon (Lair:7)
  13 elephants
  6 torpor snails (Lair:8)
  A black mamba (Lair:5)
  7 spiny frogs
  3 fire drakes
  6 komodo dragons
  6 polar bears (Lair:8)
  A two-headed ogre (D:9)
  2 giant leeches (Lair:8)
  A troll (D:5)
  A boulder beetle (Lair:5)
  20 blink frogs
  31 yaks
  12 wyverns
  3 basilisks
  13 wolves
  5 soldier ants (Lair:1)
  9 water moccasins
  2 wargs (Lair:8)
  11 hippogriffs
  2 hell hounds (Lair:8)
  A swamp drake (Lair:3)
  Purgy (Sewer)
  A sky beast (D:5)
  11 porcupines
  11 black bears (Lair:8)
  3 ice beasts
  6 orc warriors
  4 wasps (Lair:8)
  7 centaurs
  7 ogres
  13 giant frogs
  3 brain worms (Lair:8)
  21 crocodiles
  5 scorpions
  2 crimson imps
  3 electric eels (Lair:5)
  3 giant frog skeletons
  A wasp zombie (D:10)
  3 centaur skeletons
  3 jellies
  6 hounds (Lair:8)
  7 iguanas
  6 orc wizards
  3 orc priests
  19 worker ants
  30 sheep
  A hound skeleton (D:9)
  A hound zombie (D:9)
  A worker ant zombie (D:6)
  3 gnolls (D:8)
  7 adders
  61 river rats
  A shadow imp (D:7)
  An ooze (D:3)
  21 worms
  6 giant geckos
  37 orcs
  2 ball pythons (D:2)
  14 bats
  7 giant cockroaches
  13 hobgoblins
  21 jackals
  10 kobolds
  8 quokkas
  A giant cockroach zombie (D:5)
  7 giant newts
  8 goblins
  A jackal skeleton (D:5)
  9 rats
  A butterfly (Lair:1)
  3 fungi
  11 plants
604 creatures vanquished.

Vanquished Creatures (others)
  A black bear (Lair:8)
  13 fungi
  18 plants
32 creatures vanquished.

Grand Total: 636 creatures vanquished

Notes
Turn   | Place    | Note
--------------------------------------------------------------
     0 | D:1      | shakdrar the Troll Monk began the quest for the Orb.
     0 | D:1      | Reached XP level 1. HP: 22/22 MP: 0/0
   163 | D:1      | Reached XP level 2. HP: 29/29 MP: 1/1
   596 | D:1      | Reached skill level 5 in Unarmed Combat
   596 | D:1      | Reached XP level 3. HP: 36/36 MP: 2/2
  1069 | D:2      | Gained mutation: You can spit weak poison. [potion of beneficial mutation]
  1126 | D:2      | Found a bloodstained altar of Trog.
  1254 | D:2      | Reached XP level 4. HP: 44/44 MP: 3/3
  1711 | D:3      | Reached skill level 6 in Unarmed Combat
  1773 | D:3      | Noticed an angel
  1775 | D:3      | Found a shimmering altar of Xom.
  1776 | D:3      | Found a glowing silver altar of Zin.
  1813 | D:3      | Found a basalt altar of Yredelemnul.
  1936 | D:3      | Found a faded altar to an unknown god.
  1974 | D:3      | Reached XP level 5. HP: 48/50 MP: 4/4
  2202 | D:4      | Found a staircase to the Ecumenical Temple.
  2227 | Temple   | Entered the Ecumenical Temple
  2255 | Temple   | Became a worshipper of Warmaster Okawaru
  2255 | Temple   | Acquired Okawaru's first power
  2377 | D:4      | Found Gecotup's Assorted Antiques.
  2386 | D:4      | Bought a gilded ring for 115 gold pieces
  2398 | D:4      | Found a glowing drain.
  2425 | D:4      | Reached XP level 6. HP: 62/62 MP: 5/5
  2440 | Sewer    | Entered a sewer
  2480 | Sewer    | Noticed Purgy
  2491 | Sewer    | Killed Purgy
  2765 | D:4      | Gained mutation: You are partially covered in molten scales (AC +1). [potion of beneficial mutation]
  2860 | D:4      | Noticed an ogre
  2868 | D:4      | Killed an ogre
  2868 | D:4      | Reached skill level 5 in Fighting
  2923 | D:4      | Noticed an ogre
  2946 | D:4      | Reached XP level 7. HP: 63/72 MP: 6/6
  2949 | D:4      | Killed an ogre
  3338 | D:5      | Entered Level 5 of the Dungeon
  3338 | D:5      | Noticed a troll
  3347 | D:5      | Killed a troll
  3422 | D:5      | Reached skill level 1 in Invocations
  3495 | D:5      | Found Ugum's Magic Scroll Emporium.
  3499 | D:5      | Bought a scroll of amnesia for 49 gold pieces
  3499 | D:5      | Bought a scroll of noise for 14 gold pieces
  3499 | D:5      | Bought a scroll of enchant weapon for 105 gold pieces
  3531 | D:5      | Found a snail-covered altar of Cheibriados.
  3597 | D:5      | Reached XP level 8. HP: 83/83 MP: 7/9
  4398 | D:6      | Found Zyho's Assorted Antiques.
  4419 | D:6      | Reached skill level 5 in Invocations
  4487 | D:6      | Noticed Blork the orc
  4494 | D:6      | Found a deep blue altar of Sif Muna.
  4624 | D:6      | Reached skill level 7 in Unarmed Combat
  5149 | D:7      | Found a glowing golden altar of the Shining One.
  5287 | D:7      | Reached skill level 8 in Unarmed Combat
  5504 | D:7      | Reached XP level 9. HP: 87/89 MP: 12/12
  5756 | D:8      | Reached skill level 9 in Unarmed Combat
  5999 | D:8      | Reached skill level 10 in Unarmed Combat
  6303 | D:8      | Found an ancient bone altar of Kikubaaqudgha.
  6992 | D:9      | Reached skill level 5 in Dodging
  7261 | D:9      | Reached XP level 10. HP: 89/98 MP: 11/13
  7604 | D:10     | Entered Level 10 of the Dungeon
  7914 | D:10     | Acquired Okawaru's second power
  7962 | D:10     | Found a staircase to the Lair.
  7963 | D:10     | Noticed an elephant
  7982 | D:10     | Killed an elephant
  7982 | D:10     | Reached skill level 1 in Evocations
  8028 | D:10     | Noticed a hill giant
  8040 | D:10     | Killed a hill giant
  8606 | D:10     | Received a gift from Okawaru
  8624 | D:10     | Reached skill level 5 in Evocations
  8898 | Lair:1   | Entered Level 1 of the Lair of Beasts
  9145 | Lair:1   | Reached XP level 11. HP: 73/109 MP: 10/14
  9658 | Lair:1   | Noticed a queen ant
  9681 | Lair:1   | Killed a queen ant
  9843 | Lair:1   | Received a gift from Okawaru
 10250 | Lair:2   | Reached skill level 11 in Unarmed Combat
 10418 | Lair:2   | Noticed an eight-headed hydra
 11026 | Lair:3   | Found a staircase to the Swamp.
 11099 | Lair:3   | You fall through a shaft for 2 floors!
 11777 | Lair:3   | Noticed Sonja
 11787 | Lair:3   | Killed Sonja
 11787 | Lair:3   | Reached XP level 12. HP: 123/123 MP: 15/15
 11848 | Lair:3   | Noticed Gastronok
 11862 | Lair:3   | Reached skill level 12 in Unarmed Combat
 11877 | Lair:3   | Killed Gastronok
 11877 | Lair:3   | Received a gift from Okawaru
 12543 | Lair:3   | Reached skill level 13 in Unarmed Combat
 12924 | Lair:4   | Reached skill level 1 in Throwing
 13554 | Lair:4   | Noticed a catoblepas
 13571 | Lair:4   | Killed a catoblepas
 13972 | Lair:5   | Received a gift from Okawaru
 14021 | Lair:5   | Reached skill level 5 in Throwing
 14189 | Lair:5   | Received a gift from Okawaru
 14215 | Lair:5   | Noticed a five-headed hydra
 14278 | Lair:5   | Noticed a lindwurm
 14287 | Lair:5   | Killed a lindwurm
 14586 | Lair:5   | Killed a five-headed hydra
 14586 | Lair:5   | Reached XP level 13. HP: 131/131 MP: 16/16
 15210 | Lair:6   | Found a staircase to the Snake Pit.
 15567 | Lair:6   | Received a gift from Okawaru
 16074 | Lair:6   | Identified a scroll of acquirement
 16995 | Lair:7   | Reached skill level 14 in Unarmed Combat
 17218 | Lair:7   | Found a runed door.
 17289 | Lair:8   | Entered Level 8 of the Lair of Beasts
 17331 | Lair:8   | Received a gift from Okawaru
 17437 | Lair:8   | Got a fine robe
 17448 | Lair:8   | Identified the cursed +1 robe of the Castellan {*Contam rF++ rC+ MP+9} (You found it on level 8 of the Lair of Beasts)
 17497 | Lair:8   | Found a runed door.
 17579 | Lair:8   | Lost intelligence.
 17998 | Lair:8   | Received a gift from Okawaru
 18289 | Lair:8   | Lost intelligence.
 18408 | Lair:8   | Received a gift from Okawaru
 20211 | Lair:8   | Found a staircase to the Slime Pits.
 20287 | Lair:8   | Reached XP level 14. HP: 138/140 MP: 19/19
 20424 | Lair:8   | HP: 7/141 [warg (10)]
 20429 | Lair:8   | HP: 2/141 [polar bear (5)]
 20431 | Lair:8   | Mangled by a polar bear

Vault maps used:
D:1:      dpeg_arrival_boxes_within_box, serial_forest,
          infiniplex_forest_clump_long, infiniplex_forest_lined_2,
          infiniplex_forest_clump_tiny, infiniplex_forest_straight_2,
          infiniplex_forest_3_way, infiniplex_forest_clump_tiny
D:2:      bloody_trog, kennysheep_decorative_pillar
D:3:      grunt_temple_overflow_order_and_chaos_1,
          nicolae_overflow_crystal_walls, ecumenical_altar_2, first_bread
D:4:      minmay_temple_entry_grid, serial_shops, shop_statue,
          gup_sewer_entry_glass
D:5:      slow_altar_1, serial_shops, shop
D:6:      tgw_sif, serial_shops, shop
D:7:      tso_metal_star
D:8:      corexii_shack_village, lemuel_crystal_altar
D:10:     david_lair_generic
Temple:   circular_temple_12
Lair:1:   wad_woods_antlair, lemuel_fruit_fields
Lair:2:   serial_bayou_shore_a, grunt_megastairs_3, lemuel_fruit_tree
Lair:3:   minmay_swamp_entry_reptiles, minmay_lair_oklob_bushes,
          serial_bayou_shore_b, infiniplex_staircase_pool_2, uniq_gastronok,
          uniq_sonja
Lair:5:   beast_lair_carwin_7
Lair:6:   dummy_snake_entry
Lair:7:   minivault_27, nicolae_quartered_pool_little, pf_torpor_hydra
Lair:8:   hangedman_lair_caniforms_friends, wormcave, slime_dummy,
          lemuel_fruit_fields
Sewer:    sewer_big_baddie

Action                   |  1- 3 |  4- 6 |  7- 9 | 10-12 | 13-15 || total
-------------------------+-------+-------+-------+-------+-------++-------
Melee: Unarmed           |   147 |   134 |   311 |   645 |   518 ||  1755
 Fire: Blowgun           |       |       |       |     1 |       ||     1
Throw: Tomahawk          |       |       |       |       |     3 ||     3
Invok: Heroism           |       |       |       |     3 |     1 ||     4
       Finesse           |       |       |       |       |     1 ||     1
 Abil: Evoke Berserk Rag |       |       |       |       |     1 ||     1
Evoke: Wand              |       |     1 |       |     8 |    14 ||    23
  Use: Scroll            |     5 |     5 |    10 |     9 |     9 ||    38
       Potion            |     4 |     4 |     3 |     5 |     6 ||    22
 Stab: Sleeping          |     3 |     1 |    17 |    18 |     9 ||    48
       Confused          |       |     3 |       |       |       ||     3
       Distracted        |       |       |       |     2 |       ||     2
  Eat: Chunk             |    12 |    14 |    38 |    64 |    62 ||   190
       Bread ration      |       |     1 |     1 |     1 |     3 ||     6
       Beef jerky        |       |       |       |     1 |     1 ||     2
       Meat ration       |       |       |       |     1 |       ||     1
       Fruit             |       |       |       |       |     5 ||     5
       Pizza             |       |       |       |       |     3 ||     3
       Royal jelly       |       |       |       |       |     1 ||     1
